 Dungeon Crawl Stone Soup version 0.24-a0-7-g1bb0902 (webtiles) character file.

3277 Lavandula the Slinger (level 10, -1/65 HPs)
             Began as a Halfling Arcane Marksman on Jan 18, 2019.
             Was a Follower of Cheibriados.
             Killed themself with a badly aimed iceblast (9 damage)
             ... on level 8 of the Dungeon on Jan 30, 2019.
             The game lasted 00:30:09 (3872 turns).

Lavandula the Slinger (Halfling Arcane Marksman)    Turns: 3872, Time: 00:30:09

Health: -1/65      AC:  7    Str: 22      XL:     10   Next: 20%
Magic:  10/11      EV: 21    Int: 15 (16) God:    Cheibriados [*.....]
Gold:   293        SH:  0    Dex: 17 (19) Spells: 10/11 levels left

rFire    + . .     SeeInvis .   a - +1 hunting sling
rCold    + . .     Gourm    .   (shield restricted)
rNeg     . . .     Faith    .   G - +1 leather armour {rC+}
rPois    .         Spirit   .   I - +1 helmet
rElec    .         Reflect  .   (no cloak)
rCorr    .         Harm     .   E - +0 pair of gloves
MR       .....                  (no boots)
Stlth    +++.......             (no amulet)
HPRegen  0.20/turn              o - ring of protection from fire
MPRegen  0.12/turn              (no ring)

@: mighty, very slow
A: small, clever 1, mutation resistance 1, MP-powered wands
a: Bend Time, Renounce Religion


You were on level 8 of the Dungeon.
You worshipped Cheibriados.
Cheibriados was aware of your devotion.
You were hungry.

You visited 2 branches of the dungeon, and saw 9 of its levels.

You collected 293 gold pieces.

Inventory:

Hand Weapons
 a - a +1 hunting sling (weapon)
 k - a +0 falchion
 m - a +0 blowgun
 v - the +4 dagger of the Candelabrum {pierce, rPois rF+ rC+ Str-5}
   (You found it on level 5 of the Dungeon)

   It inflicts extra damage upon your enemies.
   It affects your strength (-5).
   It protects you from fire.
   It protects you from cold.
   It protects you from poison.
 y - a +2 falchion of electrocution
 z - a +2 long sword of holy wrath
 B - a +2 flail of holy wrath
 C - a +2 dagger of speed
Missiles
 b - 114 stones (quivered)
 l - 48 poisoned needles
Armour
 d - +0 steam dragon scales
 e - a +0 robe
 g - a +0 ring mail
 E - a +0 pair of gloves (worn)
 G - a +1 leather armour of cold resistance (worn)
 I - a +1 helmet (worn)
Jewellery
 o - a ring of protection from fire (left hand)
 H - a +5 ring of intelligence
Wands
 s - a wand of random effects (13)
Scrolls
 r - 4 scrolls of remove curse
Potions
 t - 2 potions of haste
Comestibles
 f - 13 rations


   Skills:
 - Level 4.5 Fighting
 - Level 12.0 Slings
 - Level 9.2 Dodging
 - Level 5.9 Stealth
 - Level 1.0 Spellcasting
 - Level 2.4 Hexes


You had 10 spell levels left.
You knew the following spells:

 Your Spells              Type           Power        Failure   Level  Hunger
a - Corona                Hex            #......      11%         1    ##.....

Your spell library contained the following spells:

 Spells                   Type           Power        Failure   Level  Hunger
 Slow                     Hex            #.......     16%         2    ###....
 Inner Flame              Hex/Fire       #.......     45%         3    ####...
 Portal Projectile        Hex/Tloc       #.....       45%         3    ####...
 Cause Fear               Hex            #.........   71%         4    #####..
 Leda's Liquefaction      Hex/Erth       #.........   86%         4    #####..


Dungeon Overview and Level Annotations

Branches:
Dungeon (8/15)             Temple (1/1) D:6
   Lair: D:8-11

Altars:
Ashenzari
Cheibriados
Dithmenos
Elyvilon
Fedhas
Gozag
Hepliaklqana
Kikubaaqudgha
Makhleb
Nemelex Xobeh
Okawaru
Qazlal
Ru
Sif Muna
Trog
Uskayaw
Vehumet
Wu Jian
Xom
Yredelemnul
Zin
The Shining One
Beogh

Annotations:
D:5 3 runed doors, domsik's ghost, amateur MiFi
D:8 Psyche


Innate Abilities, Weirdness & Mutations

You are small and have problems with some larger weapons.
You are somewhat resistant to further mutation.
Your mind is acute. (Int +2)
You expend magic power (3 MP) to strengthen your wands.


Message History

Okay, then.
Okay, then.
Evoke which item? (* to show all) (? for menu, Esc to quit)
Okay, then.
Okay, then.
Unknown command.
Evoke which item? (* to show all) (? for menu, Esc to quit)
Really evoke
s - a wand of random effects (13)?
This could place you under penance!
Evoke which item? (* to show all) (? for menu, Esc to quit)
You don't have any such object.
Evoke which item? (* to show all) (? for menu, Esc to quit)
Really evoke
s - a wand of random effects (13)?
This could place you under penance!
Aiming: Random Effects
Press: ? - help, Shift-Dir - straight line, f - Psyche
Aim: Psyche, wielding a +4 dagger of chaos, wearing a +2 robe of fire resistance and carrying a wand of flame (22) (lightly wounded)
You feel a surge of power!
The mass of ice explodes!
The iceblast engulfs Psyche!
Psyche is moderately wounded.
You partially resist. The iceblast engulfs you!
You die...

#.(...()†.# .##...
.#.....#### ......
#......####..#...
#........#....?..
##.....#.........
#....#.##........
....#####.........
.....
###..........
##...
#@##.....@... ...#
#. ##.@..........
....
#...........).
....
##............
..§. ####...#(...#
..§.
######....#..§§
.#.Z.§§(# #..§..(#
#..##.##


You could see Psyche.

Vanquished Creatures
  Erica (D:8)
  Prince Ribbit (D:7)
  Eustachio (D:6)
  A steam dragon (D:8)
  Menkaure (D:5)
  A porcupine (D:8)
  5 ogres
  An orc warrior (D:7)
  2 centaurs
  4 bullfrogs
  4 killer bees (D:8)
  2 howler monkeys
  A bullfrog zombie (D:6)
  2 crimson imps (D:6)
  An orc priest (D:3)
  3 hounds
  A bullfrog skeleton (D:8)
  3 orc wizards
  3 iguanas
  5 worker ants
  A hound zombie (D:8)
  3 gnolls (D:5)
  4 adders
  A river rat (D:8)
  4 shadow imps
  3 worms
  2 dart slugs (D:2)
  4 leopard geckos
  21 orcs
  2 giant cockroaches
  3 goblins
  2 hobgoblins
  6 jackals
  3 quokkas
  A ball python (D:3)
  A bat (D:3)
  2 frilled lizards
  4 kobolds
  A leopard gecko skeleton (D:4)
  2 quokka skeletons
  A quokka zombie (D:8)
  3 rats
117 creatures vanquished.

Notes
Turn   | Place    | Note
-------+----------+-------------------------------------------
     0 | D:1      | Lavandula the Halfling Arcane Marksman began the quest for
                  | the Orb.
     0 | D:1      | Reached XP level 1. HP: 12/12 MP: 2/2
   103 | D:2      | Reached skill level 4 in Slings
   103 | D:2      | Reached XP level 2. HP: 12/18 MP: 3/3
   128 | D:2      | Reached XP level 3. HP: 16/22 MP: 4/4
   158 | D:2      | Reached skill level 5 in Slings
   504 | D:3      | Reached XP level 4. HP: 27/27 MP: 5/5
   620 | D:5      | Entered Level 5 of the Dungeon
   625 | D:5      | Noticed Menkaure
   634 | D:5      | Killed Menkaure
   634 | D:5      | Reached skill level 8 in Slings
   634 | D:5      | Reached XP level 5. HP: 18/32 MP: 6/6
   725 | D:5      | Reached XP level 6. HP: 31/37 MP: 7/7
   799 | D:4      | Reached skill level 9 in Slings
   828 | D:4      | Found a glowing silver altar of Zin.
   831 | D:4      | Found a white marble altar of Elyvilon.
   833 | D:4      | Found a radiant altar of Vehumet.
   834 | D:4      | Found a sparkling altar of Nemelex Xobeh.
   835 | D:4      | Found a stormy altar of Qazlal.
   836 | D:4      | Found a sacrificial altar of Ru.
   991 | D:4      | Noticed a phantom
  1046 | D:5      | Got a fine dagger
  1047 | D:5      | Identified the +4 dagger of the Candelabrum {pierce, rPois
                  | rF+ rC+ Str-5} (You found it on level 5 of the Dungeon)
  1089 | D:5      | Noticed an ogre
  1100 | D:5      | Killed an ogre
  1100 | D:5      | Reached skill level 10 in Slings
  1100 | D:5      | Reached XP level 7. HP: 18/42 MP: 8/8
  1113 | D:5      | Found a runed gate.
  1113 | D:5      | Found a runed gate.
  1113 | D:5      | Found a runed gate.
  1133 | D:5      | Noticed domsik's ghost (amateur MiFi)
  1765 | D:6      | You fall through a shaft!
  1856 | D:7      | Upgraded the game from 0.23-a0-756-g517b432 to
                  | 0.23-a0-767-gdc19b93
  1862 | D:8      | Noticed a death yak
  1906 | D:6      | Reached skill level 11 in Slings
  2057 | D:5      | Identified the +0 hand axe of Plague {freeze, rN+ Str+3
                  | Int+4}
  2057 | D:5      | Identified the +7 chain mail "Umayph" {*Contam rF+++}
  2059 | D:5      | Found a roughly hewn altar of Beogh.
  2197 | D:6      | Reached XP level 8. HP: 47/47 MP: 9/9
  2306 | D:6      | Found a bloodstained altar of Trog.
  2317 | D:6      | Reached skill level 12 in Slings
  2338 | D:6      | Reached skill level 1 in Fighting
  2416 | D:6      | Noticed Eustachio
  2435 | D:6      | Killed Eustachio
  2706 | D:6      | Found a staircase to the Ecumenical Temple.
  2716 | Temple   | Entered the Ecumenical Temple
  2733 | Temple   | Became a worshipper of Cheibriados the Contemplative
  2775 | D:6      | Gained mutation: You expend magic power (3 MP) to
                  | strengthen your wands. [potion of mutation]
  2775 | D:6      | Gained mutation: Your mind is acute. (Int +2) [potion of
                  | mutation]
  2972 | D:7      | Noticed Prince Ribbit
  2981 | D:7      | Killed Prince Ribbit
  2981 | D:7      | Reached XP level 9. HP: 58/58 MP: 10/10
  3384 | D:8      | Reached * piety under Cheibriados
  3388 | D:8      | Noticed a death yak
  3393 | D:8      | Noticed a death yak
  3539 | D:8      | Upgraded the game from 0.23-a0-767-gdc19b93 to
                  | 0.23-a0-899-gbbae0a3
  3643 | D:8      | Noticed Erica
  3811 | D:8      | Killed Erica
  3811 | D:8      | Reached skill level 5 in Stealth
  3811 | D:8      | Reached XP level 10. HP: 12/65 MP: 0/11
  3850 | D:8      | Noticed Psyche
  3872 | D:8      | Upgraded the game from 0.23-a0-899-gbbae0a3 to
                  | 0.24-a0-7-g1bb0902
  3872 | D:8      | Killed themself with a badly aimed iceblast

Vault maps used:
D:1:      eino_arrival_tree_alley
D:2:      serial_forest, infiniplex_forest_lined_corner,
          infiniplex_forest_clump_medium, infiniplex_forest_clump_C,
          infiniplex_forest_lined_2, infiniplex_forest_clump_double,
          infiniplex_forest_clump_long, first_ration
D:3:      uniq_terence
D:4:      grunt_temple_overflow_open
D:5:      biasface_ghost_orc_armoury, uniq_menkaure
D:6:      corexii_shack_village, minmay_temple_entry_ruins,
          minmay_misc_feat_four_crosses, trog_three_pillars_becter,
          uniq_eustachio
D:7:      uniq_prince_ribbit1
D:8:      dpeg_lair_monsters, uniq_psyche, uniq_erica
Temple:   lightli_temple_of_artemis

Skill      XL: |  1  2  3  4  5  6  7  8  9 |
---------------+----------------------------+-----
Slings         | 4 5 8 10 11 12 | 12.0
Fighting       | 4 |  4.5
Dodging        | 6 9 |  9.2
Stealth        | 5 |  5.9
Spellcasting   | |  1.0
Hexes          | |  2.4

Action                   |  1- 3 |  4- 6 |  7- 9 | 10-12 || total
-------------------------+-------+-------+-------+-------++-------
Melee: Dagger            |       |       |       |     1 ||     1
 Fire: Hunting sling     |    89 |    76 |   526 |       ||   691
 Cast: Corona            |       |       |     4 |       ||     4
Evoke: Wand              |       |     3 |    19 |       ||    22
  Use: Potion            |     1 |       |    12 |     1 ||    14
       Scroll            |       |     4 |     6 |     2 ||    12
  Eat: Chunk             |       |       |     7 |       ||     7
Armor: Robe              |     1 |     5 |     5 |       ||    11
       Leather armour    |       |       |    22 |       ||    22
       Skin              |       |       |    27 |       ||    27
Dodge: Dodged            |    27 |    30 |   198 |     2 ||   257

Table legend:
 A = Non-vault XP
 B = Vault XP
 C = Vault XP percentage of total XP
 D = Non-vault monster count
 E = Vault monster count
 F = Vault count percentage of total count
                 A         B        C        D         E       F
            +---------+---------+-------+---------+---------+-------
      Total |    2891 |    1791 |  38.3 |     103 |      14 |  12.0
            +---------+---------+-------+---------+---------+-------
        D:1 |       5 |       0 |   0.0 |       3 |       0 |   0.0
        D:2 |      44 |       0 |   0.0 |       8 |       0 |   0.0
        D:3 |      71 |       0 |   0.0 |      13 |       0 |   0.0
        D:4 |     195 |       0 |   0.0 |      19 |       0 |   0.0
        D:5 |     279 |     172 |  38.1 |      12 |       1 |   7.7
        D:6 |     843 |     229 |  21.4 |      16 |       8 |  33.3
        D:7 |     541 |     283 |  34.3 |      14 |       1 |   6.7
        D:8 |     913 |    1107 |  54.8 |      18 |       4 |  18.2
            +---------+---------+-------+---------+---------+-------
